 Dungeon Crawl Stone Soup version 0.26-a0-1213-gd52f5182fe (webtiles) character file.

Game seed: 2101864477390273831

26 sahdkjhfkaj the Skirmisher (level 3, 0/23 HPs)
             Began as a Gargoyle Arcane Marksman on Dec 31, 2020.
             Slain by a kobold
             ... wielding a +0 short sword
              (1 damage)
             ... on level 1 of the Dungeon.
             The game lasted 00:03:21 (1560 turns).

sahdkjhfkaj the Skirmisher (GrAM)                   Turns: 1560, Time: 00:03:23

Health: 0/23       AC:  8    Str: 14    XL:     3   Next: 8%
Magic:  4/4        EV: 10    Int: 13    God:
Gold:   81         SH:  0    Dex: 10    Spells: 3/4 levels left

rFire    . . .     SeeInvis .   a - +0 mace
rCold    . . .     Faith    .   (no shield)
rNeg     + . .     Spirit   .   g - +0 ring mail
rPois    ∞         Reflect  .   (no helmet)
rElec    +         Harm     .   (no cloak)
rCorr    .         Rampage  .   (no gloves)
Will     .....                  (no boots)
Stlth    ..........             (no amulet)
HPRegen  0.07/turn              (no ring)
MPRegen  0.09/turn              (no ring)

@: no status effects
A: negative energy resistance 1, electricity resistance, unbreathing,
petrification resistance, miasma immunity, AC +3
a: no special abilities


You were on level 1 of the Dungeon.
You visited 1 branch of the dungeon, and saw 2 of its levels.

You collected 81 gold pieces.

Inventory:

Hand Weapons
 a - a +0 mace (weapon)
Missiles
 c - 5 javelins
 d - 2 throwing nets {!f}
 e - 7 stones (quivered)
Armour
 g - a +0 ring mail (worn)
Scrolls
 b - a scroll of teleportation {!r}
Potions
 f - a potion of curing
 h - a potion of flight {unknown}


   Skills:
 + Level 3.2 Fighting
 - Level 1.7 Throwing
 - Level 1.5 Dodging
 - Level 1.0 Spellcasting
 - Level 2.6 Hexes


You had 3 spell levels left.
You knew the following spells:

 Your Spells              Type           Power        Failure   Level
a - Corona                Hex            7%           19%         1

Your spell library contained the following spells:

 Spells                   Type           Power        Failure   Level
 Slow                     Hex            7%           28%         2
 Inner Flame              Hex/Fire       4%           69%         3
 Portal Projectile        Hex/Tloc       8%           69%         3
 Cause Fear               Hex            3%           88%         4
 Leda's Liquefaction      Hex/Erth       2%           97%         4


Dungeon Overview and Level Annotations

Branches:
Dungeon (2/15)

Altars:


Innate Abilities, Weirdness & Mutations

You are resistant to torment.
Your stone body is resilient. (AC +3)
You are immune to poison.
You resist negative energy. (rN+)
You are resistant to electric shocks. (rElec)
You can survive without breathing.
You are immune to petrification.
You are immune to miasma.


Message History

The kobold closely misses you.
There is a stone staircase leading up here.
The kobold barely misses you.
You climb upwards.
There is a stone staircase leading down here.
You barely miss the kobold.
The kobold hits you with a +0 short sword.
* * * LOW HITPOINT WARNING * * *
The kobold misses you.
You miss the kobold. The kobold closely misses you.
Unknown command.
You barely miss the kobold. The kobold barely misses you.
You barely miss the kobold.
The kobold hits you with a +0 short sword.
* * * LOW HITPOINT WARNING * * *
The kobold hits you but does no damage.
You hit the kobold.
The kobold is moderately wounded.
The kobold hits you with a +0 short sword.
You die...

######### #.......# #.#...#.#
#.#[#.#.# #.#.#.#.# #########
#.#.#.#.############.......#
#.#.#.#.......@............####
#.#.#.########K####........#...
#...#.########.# #........#...
#####.#......#.####..#######...
#.#.####.#.........†...'...
#.#.####.#.####.#.######...
#.#......#.# #.#.## ####
###'#......#.# #.#..# #
#.[....###.#.####'##.## #


You could see a kobold.

Vanquished Creatures
  A dart slug (D:1)
  3 bats (D:1)
  4 giant cockroaches
  2 goblins (D:1)
  4 hobgoblins (D:1)
  2 jackals (D:1)
  A frilled lizard (D:1)
  2 kobolds (D:1)
  A rat (D:1)
20 creatures vanquished.

Notes
Turn   | Place    | Note
-------+----------+-------------------------------------------
     0 | D:1      | sahdkjhfkaj the Gargoyle Arcane Marksman began the quest
                  | for the Orb.
     0 | D:1      | Reached XP level 1. HP: 12/12 MP: 2/2
   180 | D:1      | Reached skill level 2 in Fighting
   335 | D:1      | Reached XP level 2. HP: 7/17 MP: 3/3
  1059 | D:1      | Reached skill level 3 in Fighting
  1291 | D:1      | Reached XP level 3. HP: 22/23 MP: 4/4
  1559 | D:1      | HP: 1/23 [kobold/+0 short sword (4)]
  1560 | D:1      | Slain by a kobold

Illustrated notes

Levels and vault maps discovered:
D:1:      doesnt_arrival_eight_statues, layout_basic,
          chequers_serial_rivers_room_a
D:2:      layout_loops_corners, uniq_natasha

Skill      XL: |  1  2 |
---------------+-------+-----
Fighting       | 2 3 |  3.2
Throwing       | |  1.7
Dodging        | |  1.5
Spellcasting   | |  1.0
Hexes          | |  2.6

Action                   || total
-------------------------++-------
Melee: Unarmed           ||    52
       Dagger            ||    83
       Mace              ||    14
Throw: Stone             ||     9
       Javelin           ||     4
  Use: Scroll            ||     1
       Potion            ||     1
Armor: Robe              ||    44
       Ring mail         ||    24
Dodge: Dodged            ||   135

Table legend: (Time is in decaauts)
 A = Elapsed time spent in this place.
 B = Non-inter-level travel time spent in this place.
 C = Inter-level travel time spent in this place.
 D = Time resting spent in this place.
 E = Time spent auto-exploring this place.
 F = Levels seen in this place.
 G = Mean time per level.
                   A        B        C        D        E       F      G
               +--------+--------+--------+--------+--------+-----+--------+
         Total |   1566 |   1538 |     28 |      0 |   1235 |   2 |  783.0 |
       Dungeon |   1566 |   1538 |     28 |      0 |   1235 |   2 |  783.0 |
               +--------+--------+--------+--------+--------+-----+--------+

Top non-repeatable levels by time:
     D:1: 1514 daAuts
     D:2: 51 daAuts
